 Dungeon Crawl Stone Soup version 0.27-a0-1202-ge72e49191c (webtiles) character file.

Game seed: 18297503943350151904

8334 freelancePsychic the Grappler (level 11, -4/113 HPs)
             Began as a Troll Monk on June 4, 2021.
             Was a Priest of Cheibriados.
             Slain by a 13-headed hydra (5 damage)
             ... on level 11 of the Dungeon.
             The game lasted 00:18:07 (8612 turns).

freelancePsychic the Grappler (Troll Monk)          Turns: 8612, Time: 00:18:08

Health: -4/113     AC:  9    Str: 31    XL:     11   Next: 8%
Magic:  11/13      EV: 13    Int: 15    God:    Cheibriados [***...]
Gold:   687        SH:  5    Dex: 20    Spells: 10/10 levels left

rFire    . . .     SeeInvis .     - Unarmed
rCold    + . .     Faith    .   (no shield)
rNeg     . . .     Spirit   .   D - +1 troll leather armour
rPois    +         Reflect  +   (helmet restricted)
rElec    .         Harm     .   p - +1 cloak
rCorr    .         Rampage  .   (gloves unavailable)
Will     .....                  (boots unavailable)
Stlth    ++........             A - amulet of reflection
HPRegen  2.28/turn              i - ring of poison resistance
MPRegen  0.13/turn              j - ring of protection from cold

@: very slow
A: large, unfitting armour, claws 3, regeneration 1, shaggy fur 1, tough skin 1
a: Renounce Religion, Bend Time, Temporal Distortion


You were on level 11 of the Dungeon.
You worshipped Cheibriados.
Cheibriados was most pleased with you.
You visited 2 branches of the dungeon, and saw 12 of its levels.
You visited 1 bazaar.
You also visited: Sewer and Ossuary.

You collected 687 gold pieces.

Inventory:

Missiles
 F - a curare-tipped dart (quivered)
Armour
 a - a +0 robe
 p - a +1 cloak (worn)
 r - a scarf of invisibility
 D - a +1 troll leather armour (worn)
Jewellery
 i - a ring of poison resistance (left claw)
 j - a ring of protection from cold (right claw)
 A - an amulet of reflection (around neck)
Wands
 l - a wand of flame (32)
 u - a wand of iceblast (26)
 C - a wand of mindburst (11)
Scrolls
 f - a scroll of fog {unknown}
 k - a scroll of blinking {unknown}
 o - 10 scrolls of teleportation {@r4}
 s - a scroll of vulnerability
 w - 2 scrolls of enchant weapon {unknown}
 x - 4 scrolls of immolation
 y - a scroll of fear {unknown}
Potions
 b - 2 potions of ambrosia
 c - 3 potions of lignification
 d - 4 potions of brilliance
 e - 4 potions of haste {@q3}
 g - 3 potions of flight {unknown}
 h - 10 potions of curing {@q1}
 m - 5 potions of might
 q - a potion of attraction {unknown}
 t - 4 potions of heal wounds {unknown}
 v - a potion of invisibility {unknown}


   Skills:
 + Level 8.5 Fighting
 + Level 5.8 Dodging
 - Level 3.0 Stealth
 - Level 14.5 Unarmed Combat
 + Level 4.4 Invocations


You had 10 spell levels left.
You didn't know any spells.
Your spell library contained the following spells:

 Spells                   Type           Power      Damage    Failure   Level
 Animate Skeleton         Necr           0%         N/A       30%         1
 Corona                   Hex            0%         N/A       30%         1
 Pain                     Necr           0%         1d4       30%         1
 Ensorcelled Hibernation  Hex/Ice        0%         N/A       41%         2
 Confusing Touch          Hex            0%         N/A       65%         3
 Dazzling Flash           Conj/Hex       0%         N/A       65%         3
 Tukima's Dance           Hex            0%         N/A       65%         3
 Vampiric Draining        Necr           0%         2d6       65%         3
 Animate Dead             Necr           0%         N/A       96%         4
 Agony                    Necr           0%         N/A       100%        5


Dungeon Overview and Level Annotations

Branches:
Dungeon (11/15)            Temple (1/1) D:7            Lair (0/6) D:11
  Sewer (visited)         Ossuary (visited)
    Orc: D:9-12

Altars:
Ashenzari
Cheibriados
Dithmenos
Elyvilon
Fedhas
Gozag
Hepliaklqana
Kikubaaqudgha
Makhleb
Nemelex Xobeh
Okawaru
Qazlal
Ru
Sif Muna
Trog
Uskayaw
Vehumet
Wu Jian
Xom
Yredelemnul
Zin
The Shining One

Annotations:
D:8 1 runed translucent door, robertstho's ghost, novice DjFE
D:9 Erolcha


Innate Abilities, Weirdness & Mutations

You are too large for most types of armour.
You have claws for hands.
Your natural rate of healing is unusually fast.
You are covered in fur. (AC +1)
You have tough skin. (AC +1)


Message History

The 11-headed hydra is heavily wounded.
The 11-headed hydra closely misses you. The 11-headed hydra bites you.
The 11-headed hydra bites you but does no damage.
The 11-headed hydra bites you. The 11-headed hydra bites you!
The 11-headed hydra misses you. The 11-headed hydra barely misses you.
The 11-headed hydra bites you. The 11-headed hydra closely misses you.
The 11-headed hydra bites you but does no damage.
The 11-headed hydra completely misses you.
You rip one of the 11-headed hydra's heads off!
The ten-headed hydra grows two more!
You claw the 12-headed hydra!
The 12-headed hydra is heavily wounded.
The 12-headed hydra bites you!
* * * LOW HITPOINT WARNING * * *
The 12-headed hydra bites you.
* * * LOW HITPOINT WARNING * * *
The 12-headed hydra bites you but does no damage.
The 12-headed hydra bites you.
* * * LOW HITPOINT WARNING * * *
The 12-headed hydra bites you but does no damage.
The 12-headed hydra bites you.
* * * LOW HITPOINT WARNING * * *
The 12-headed hydra bites you!
* * * LOW HITPOINT WARNING * * *
The 12-headed hydra misses you. The 12-headed hydra barely misses you.
The 12-headed hydra bites you but does no damage. x2
The 12-headed hydra bites you!
* * * LOW HITPOINT WARNING * * *
Okay, then.
You barely miss the 12-headed hydra. You claw the 12-headed hydra.
The 12-headed hydra is heavily wounded.
You tear one of the 12-headed hydra's heads off!
The 11-headed hydra grows two more!
You claw the 13-headed hydra!
The 13-headed hydra is severely wounded.
The 13-headed hydra bites you.
* * * LOW HITPOINT WARNING * * *
The 13-headed hydra bites you.
* * * LOW HITPOINT WARNING * * *
The 13-headed hydra closely misses you. You block the 13-headed hydra's attack.
The 13-headed hydra closely misses you. The 13-headed hydra bites you.
You die...

*,,,..........#.......P.P.PPP.P.,
*,,,..........#.......PP.P......,
*,,,..........'.......P.P.P.....,
****####......#..........P.PP...*
** #......#.(..........P..##* ,*
#......#)...........#### ,*
#......#............# ,*
#......#............# ,*
##+#####.@........>.# ,*
*,.......D..........# ,*
*,.....!......!.....# ,*
*,.....!............# ,*
*,..........<.......# **
*,...............,,,*
*,......$........,,,*
**######.........,,,*
*,,,,,,*,,,,,,,,,,,,*


You could see a 13-headed hydra.

Vanquished Creatures
  A two-headed ogre (D:9)
  A manticore (D:9)
  A gargoyle (D:10)
  A komodo dragon (D:10)
  2 trolls
  2 wyverns
  2 vampires (D:11)
  3 yaks (D:11)
  A shadow (D:11)
  2 vampire mosquitoes (D:10)
  A water moccasin (D:9)
  2 sky beasts
  2 ice beasts
  4 ogres (D:5)
  A black bear (D:6)
  3 necrophages
  A centaur (D:9)
  7 kobold brigands
  5 bullfrogs
  A gnoll sergeant (D:4)
  3 scorpions
  7 killer bees
  3 wights (D:9)
  9 centaur zombies
  6 hounds
  3 jellies
  5 orc priests
  2 bullfrog skeletons
  Terence (D:2)
  2 iguanas
  An orc wizard (D:6)
  A hound zombie (D:5)
  5 mummies
  A howler monkey zombie (D:9)
  4 gnolls
  17 adders
  4 river rats (D:4)
  A white imp (D:6)
  An ufetubus (D:6)
  8 worms
  3 dart slugs
  23 orcs
  5 bats
  9 endoplasms
  5 giant cockroaches
  3 gnoll zombies (Ossuary)
  6 goblins
  6 hobgoblins
  10 jackals (D:1)
  2 quokkas (D:2)
  9 ball pythons
  6 frilled lizards
  A goblin zombie (Ossuary)
  16 kobolds
  12 rats
243 creatures vanquished.

Vanquished Creatures (others)
  2 plants (D:11)
2 creatures vanquished.

Grand Total: 245 creatures vanquished

Notes
Turn   | Place    | Note
-------+----------+-------------------------------------------
     0 | D:1      | freelancePsychic the Troll Monk began the quest for the
                  | Orb.
     0 | D:1      | Reached XP level 1. HP: 22/22 MP: 0/0
   113 | D:1      | Reached XP level 2. HP: 23/29 MP: 1/1
   347 | D:1      | Reached XP level 3. HP: 29/36 MP: 2/2
   747 | D:2      | Found a faded altar of an unknown god.
   884 | D:2      | Noticed Terence
   904 | D:2      | Killed Terence
   905 | D:2      | Reached XP level 4. HP: 37/44 MP: 3/3
   934 | D:2      | Reached skill level 4 in Unarmed Combat
  1947 | D:3      | Reached XP level 5. HP: 53/53 MP: 4/4
  2302 | D:4      | Identified a scroll of acquirement
  2302 | D:4      | Acquired a manual of Unarmed Combat
  2516 | D:4      | Reached skill level 5 in Unarmed Combat
  2544 | D:4      | Found a glowing drain.
  2559 | Sewer    | Entered a sewer
  2658 | Sewer    | Reached XP level 6. HP: 60/61 MP: 5/5
  2757 | Sewer    | Reached skill level 6 in Unarmed Combat
  2943 | Sewer    | Reached skill level 7 in Unarmed Combat
  2943 | Sewer    | Reached XP level 7. HP: 57/68 MP: 6/6
  3252 | D:4      | Reached skill level 8 in Unarmed Combat
  3528 | D:5      | Entered Level 5 of the Dungeon
  3743 | D:5      | Reached skill level 9 in Unarmed Combat
  3845 | D:5      | Reached XP level 8. HP: 74/79 MP: 7/7
  4015 | D:5      | Reached skill level 10 in Unarmed Combat
  4080 | D:5      | Reached skill level 5 in Fighting
  4390 | D:6      | Reached skill level 11 in Unarmed Combat
  4460 | D:6      | Identified the +9 arbalest of Indomitability {penet, Drain
                  | +Blink rC+ Int+5}
  4468 | D:6      | Reached skill level 12 in Unarmed Combat
  4468 | D:6      | Reached XP level 9. HP: 58/88 MP: 8/8
  5117 | D:6      | Found a white marble altar of Elyvilon.
  5174 | D:7      | Found a staircase to the Ecumenical Temple.
  5194 | D:7      | Found a sand-covered staircase.
  5201 | Ossuary  | Entered an ossuary
  5272 | Ossuary  | Reached skill level 13 in Unarmed Combat
  5457 | Temple   | Entered the Ecumenical Temple
  5594 | Temple   | Became a worshipper of Cheibriados the Contemplative
  5594 | Temple   | Reached * piety under Cheibriados
  5594 | Temple   | Reached ** piety under Cheibriados
  5775 | D:7      | Identified the +10 hunting sling of Plague {freeze, Drain
                  | rN+ Will+}
  6292 | D:8      | Found a runed translucent door.
  6292 | D:8      | Found a shimmering altar of Xom.
  6292 | D:8      | Noticed robertstho's ghost (novice DjFE)
  6294 | D:8      | Noticed a +1 spear of chaos
  6669 | D:8      | Reached skill level 14 in Unarmed Combat
  6692 | D:8      | Found a shimmering altar of Xom.
  6694 | D:8      | Found a basalt altar of Yredelemnul.
  6703 | D:8      | Found a sacrificial altar of Ru.
  6720 | D:8      | Found a shadowy altar of Dithmenos.
  6724 | D:8      | Found a glowing silver altar of Zin.
  7102 | D:9      | Noticed Erolcha
  7192 | D:9      | Noticed a troll
  7198 | D:9      | Killed a troll
  7362 | D:9      | Reached XP level 10. HP: 98/102 MP: 9/9
  7442 | D:9      | Noticed a manticore
  7449 | D:9      | Killed a manticore
  7543 | D:9      | Reached *** piety under Cheibriados
  7676 | D:9      | Noticed a two-headed ogre
  7684 | D:9      | Killed a two-headed ogre
  7685 | D:9      | Reached skill level 1 in Invocations
  7847 | D:10     | Entered Level 10 of the Dungeon
  7959 | D:10     | Reached skill level 5 in Dodging
  7996 | D:10     | Found a sparkling altar of Nemelex Xobeh.
  8116 | D:10     | Noticed a gargoyle
  8129 | D:10     | Killed a gargoyle
  8385 | D:11     | Found a flickering gateway to a bazaar.
  8392 | Bazaar   | Entered a bazaar
  8400 | Bazaar   | Found Pugiplal's Distillery.
  8420 | Bazaar   | Found Wueh Lav's Book Boutique.
  8420 | Bazaar   | Found Zeqeckekh's Weapon Boutique.
  8449 | Bazaar   | Found Yneisy Bape's Antique Armour Boutique.
  8567 | D:11     | Reached XP level 11. HP: 111/113 MP: 13/13
  8591 | D:11     | Identified the +9 rapier of the Original Sin {chaos, Will+
                  | Str+8 Int+4}
  8593 | D:11     | Noticed a four-headed hydra
  8610 | D:11     | HP: 3/113 [12-headed hydra (8)]
  8612 | D:11     | HP: 1/113 [13-headed hydra (1)]
  8612 | D:11     | Slain by a 13-headed hydra

Illustrated notes

Levels and vault maps discovered:
D:1:      wander_arrival_fairy_ring, layout_loops_ring, serial_bayou_ford_a,
          minmay_misc_feat_tower
D:2:      layout_basic, shapermc_ecumenical_altar_totnotflames, uniq_terence
D:3:      layout_loops_ring, grunt_ministairs_5
D:4:      layout_basic, lightli_sewer_entry_pipes
D:5:      layout_rooms
D:6:      layout_layer_cave, kennysheep_flooded_box
D:7:      layout_rooms, minmay_temple_entry_large_hall,
          gup_ossuary_entry_pyramid
D:8:      layout_basic, minmay_overflow_temple_star_hex, ebering_ghost_xom,
          hangedman_decor_growths
D:9:      layout_roguey, uniq_erolcha
D:10:     layout_basic, nemelex_spade_bored_becter
D:11:     layout_gridville, grunt_lair_entry_orc_guard_hut, serial_shops,
          bzr_entry_water
Temple:   regret_index_temple_sphere_string

Skill      XL: |  1  2  3  4  5  6  7  8  9 10 |
---------------+-------------------------------+-----
Unarmed Combat | 4 5 7 9 12 14 | 14.5
Dodging        | 3 5 |  5.8
Fighting       | 3 4 5 7 8 |  8.5
Stealth        | 2 3 |  3.0
Invocations    | 4 |  4.4

Action                   |  1- 3 |  4- 6 |  7- 9 | 10-12 || total
-------------------------+-------+-------+-------+-------++-------
Melee: Unarmed           |   111 |   170 |   265 |    96 ||   642
       Punch             |       |     2 |    13 |    14 ||    29
Invok: Bend Time         |       |       |       |     1 ||     1
Evoke: Wand              |       |       |       |     4 ||     4
  Use: Scroll            |     1 |     2 |     8 |     5 ||    16
       Potion            |       |       |     1 |       ||     1
 Stab: Distracted        |     1 |       |       |       ||     1
       Sleeping          |     4 |    15 |    10 |     2 ||    31
Armor: Robe              |    48 |    31 |    43 |       ||   122
       Troll leather arm |       |       |     2 |    45 ||    47
Dodge: Dodged            |    76 |    67 |   105 |    62 ||   310
Block: Other             |       |       |     5 |    16 ||    21

Table legend: (Time is in decaauts)
 A = Elapsed time spent in this place.
 B = Non-inter-level travel time spent in this place.
 C = Inter-level travel time spent in this place.
 D = Time resting spent in this place.
 E = Time spent auto-exploring this place.
 F = Levels seen in this place.
 G = Mean time per level.
                   A        B        C        D        E       F      G
               +--------+--------+--------+--------+--------+-----+--------+
         Total |  10142 |   9747 |    395 |     43 |   7643 |  15 |  676.1 |
       Dungeon |   8626 |   8277 |    349 |     16 |   6650 |  11 |  784.2 |
        Temple |    309 |    264 |     45 |      0 |    201 |   1 |  309.0 |
        Bazaar |    175 |    175 |      0 |      0 |    128 |   1 |  175.0 |
         Sewer |    803 |    803 |      0 |      0 |    555 |   1 |  803.0 |
       Ossuary |    227 |    227 |      0 |     27 |    108 |   1 |  227.0 |
               +--------+--------+--------+--------+--------+-----+--------+

Top non-repeatable levels by time:
     D:8: 1377 daAuts
     D:9: 1090 daAuts
     D:2: 962 daAuts
   Sewer: 803 daAuts
     D:6: 798 daAuts
    D:10: 751 daAuts
     D:4: 730 daAuts
     D:1: 684 daAuts
     D:7: 681 daAuts
     D:5: 677 daAuts
     D:3: 649 daAuts
  Temple: 309 daAuts
 Ossuary: 227 daAuts
    D:11: 223 daAuts
  Bazaar: 175 daAuts
